| TOP OF THE 1ST |
|
Sumter Gamecocks batting - Pitching for Greenville Spinners : RHP Tony Pedroza
|
|
Pitching: RHP Tony Pedroza
|
|
|
Batting: SHB John Cangelosi
|
0-0: Foul Ball, location: 2F 0-1: Ball 1-1: Ball 2-1: Foul Ball, location: 2F 2-2: Ground out 1-3 (Groundball, 34S, EV 72.5 MPH)
|
|
Batting: LHB Antonio Tapia
|
0-0: Ball 1-0: Foul Ball, location: 2F 1-1: Fly out, F7 (Flyball, 7LS, EV 83.8 MPH)
|
|
Batting: RHB Randy Washington
|
0-0: Ball 1-0: Called Strike 1-1: Foul Ball, location: 2F 1-2: Ball 2-2: Foul Ball, location: 2F 2-2: Ground out 6-3 (Groundball, 6MD, EV 81.3 MPH)
|
| Top of the 1st over - 0 runs, 0 hits, 0 errors, 0 left on base; Sumter 0 - Greenville 0 |
| BOTTOM OF THE 1ST |
|
Greenville Spinners batting - Pitching for Sumter Gamecocks : LHP Daniel Ortega
|
|
Pitching: LHP Daniel Ortega
|
|
|
Batting: RHB Tony Russell
|
0-0: Called Strike 0-1: Ball 1-1: Ball 2-1: Ball 3-1: Base on Balls
|
|
Batting: RHB Richard Duran
|
0-0: Called Strike 0-1: Foul Ball, location: 2F 0-2: Ball 1-2: Foul Ball, location: 2F 1-2: DOUBLE (Line Drive, 3D, EV 97.5 MPH) Tony Russell to third Runner from 3rd tries for Home, SAFE, no throw by RF
|
|
Batting: RHB Ronald Carapezzi
|
0-0: Ball 1-0: Called Strike 1-1: Ball 2-1: Swinging Strike 2-2: SINGLE (Groundball, 34D, EV 105.0 MPH) Richard Duran to third Throwing error, E9 Richard Duran scores Ronald Carapezzi to second
|
|
Batting: LHB William Hance
|
0-0: Called Strike 0-1: Called Strike 0-2: Ball 1-2: Foul Ball, location: 2F 1-2: Foul Ball, location: 2F 1-2: Foul Ball, location: 2F 1-2: 2-RUN HOME RUN (Flyball, 89XD, EV 107.5 MPH), Distance : 391 ft
|
|
Batting: RHB Glenn Robertson
|
0-0: Called Strike 0-1: Foul Ball, location: 2F 0-2: Foul Ball, location: 2F 0-2: Ball 1-2: Foul Ball, location: 2F 1-2: Ball 2-2: Ball 3-2: Base on Balls
|
|
Batting: LHB John Edmonds
|
0-0: Ball 1-0: Ball 2-0: Ball 3-0: Called Strike 3-1: Fly out, F8 (Flyball, 8LD, EV 103.1 MPH)
|
|
Batting: RHB Michael McEvilly
|
0-0: Ball 1-0: Called Strike 1-1: Fly out, F8 (Flyball, 8LS, EV 83.1 MPH)
|
|
Batting: RHB Luis Salazar
|
0-0: Called Strike 0-1: Ball 1-1: Fly out, F8 (Line Drive, 8LD, EV 95.0 MPH)
|
| Bottom of the 1st over - 4 runs, 3 hits, 1 error, 1 left on base; Sumter 0 - Greenville 4 |
| TOP OF THE 2ND |
|
Sumter Gamecocks batting - Pitching for Greenville Spinners : RHP Tony Pedroza
|
|
Batting: RHB Kelly Gruber
|
0-0: Ball 1-0: Ball 2-0: Ball 3-0: Base on Balls
|
|
Batting: LHB Mark Gerard
|
0-0: Ball 1-0: Ball 2-0: Called Strike 2-1: Reached on error, E2 (Groundball, 2L, EV 68.1 MPH) Kelly Gruber to second
|
|
Batting: RHB Vaughn Calloway
|
0-0: Called Strike 0-1: Swinging Strike 0-2: Ball 1-2: Ball 2-2: Fly out, F8 (Flyball, 8LM, EV 85.0 MPH)
|
|
Batting: RHB Jerry Hidalgo
|
0-0: Foul Ball, location: 2F 0-1: Ball 1-1: Ball 2-1: Ground out 6-3 (Groundball, P, EV 76.9 MPH) Kelly Gruber to third Mark Gerard to second
|
|
Batting: LHB Rick Siriano
|
0-0: Ground out U3 (Groundball, 3L, EV 86.3 MPH)
|
| Top of the 2nd over - 0 runs, 0 hits, 1 error, 2 left on base; Sumter 0 - Greenville 4 |
| BOTTOM OF THE 2ND |
|
Greenville Spinners batting - Pitching for Sumter Gamecocks : LHP Daniel Ortega
|
|
Batting: RHB Darrell Woodard
|
0-0: Called Strike 0-1: Fly out, F1 (Line Drive, P, EV 61.3 MPH)
|
|
Batting: RHB Tony Russell
|
0-0: Ball 1-0: Called Strike 1-1: Ball 2-1: Ball 3-1: Base on Balls
|
|
Batting: RHB Richard Duran
|
0-0: Called Strike 0-1: TRIPLE (Line Drive, 78XD, EV 110.0 MPH) Tony Russell scores
|
|
Batting: RHB Ronald Carapezzi
|
0-0: Ball 1-0: Ball 2-0: Foul Ball, location: 2F 2-1: Ground out 5-3 (Groundball, 56, EV 83.8 MPH) Richard Duran scores
|
|
Batting: LHB William Hance
|
0-0: Called Strike 0-1: Foul Ball, location: 2F 0-2: Ball 1-2: Foul Ball, location: 2F 1-2: Ground out 6-3 (Groundball, 6, EV 103.1 MPH)
|
| Bottom of the 2nd over - 2 runs, 1 hit, 0 errors, 0 left on base; Sumter 0 - Greenville 6 |
| TOP OF THE 3RD |
|
Sumter Gamecocks batting - Pitching for Greenville Spinners : RHP Tony Pedroza
|
|
Batting: RHB Juan Hernandez
|
0-0: Ball 1-0: Ball 2-0: Fly out, F9 (Line Drive, 9, EV 95.0 MPH)
|
|
Batting: SHB John Cangelosi
|
0-0: Ball 1-0: Ball 2-0: Fly out, F6 (Line Drive, 6, EV 63.8 MPH)
|
|
Batting: LHB Antonio Tapia
|
0-0: Ground out 4-3 (Groundball, 34D, EV 108.1 MPH)
|
| Top of the 3rd over - 0 runs, 0 hits, 0 errors, 0 left on base; Sumter 0 - Greenville 6 |
| BOTTOM OF THE 3RD |
|
Greenville Spinners batting - Pitching for Sumter Gamecocks : LHP Daniel Ortega
|
|
Batting: RHB Glenn Robertson
|
0-0: Swinging Strike 0-1: Ball 1-1: Ball 2-1: Swinging Strike 2-2: Ball 3-2: Base on Balls
|
|
Pitching: RHP Todd Fischer
|
|
|
Batting: LHB John Edmonds
|
0-0: Ball 1-0: Foul Ball, location: 2F 1-1: Ball 2-1: Swinging Strike 2-2: Strikes out swinging
|
|
Batting: RHB Michael McEvilly
|
0-0: Called Strike 0-1: Ball 1-1: Called Strike 1-2: Foul Ball, location: 2F 1-2: Ball 2-2: Fly out, F4 (Popup, 34, EV 83.1 MPH)
|
|
Batting: RHB Luis Salazar
|
0-0: Foul Ball, location: 2F 0-1: Foul Ball, location: 2F 0-2: Ball 1-2: Strikes out looking
|
| Bottom of the 3rd over - 0 runs, 0 hits, 0 errors, 1 left on base; Sumter 0 - Greenville 6 |
| TOP OF THE 4TH |
|
Sumter Gamecocks batting - Pitching for Greenville Spinners : RHP Tony Pedroza
|
|
Batting: RHB Randy Washington
|
0-0: Called Strike 0-1: Swinging Strike 0-2: Fly out, F4 (Popup, 23, EV 93.8 MPH)
|
|
Batting: RHB Kelly Gruber
|
0-0: Ball 1-0: Foul Ball, location: 2F 1-1: Foul Ball, location: 2F 1-2: Ball 2-2: Foul Ball, location: 2F 2-2: Foul Ball, location: 2F 2-2: Strikes out swinging
|
|
Batting: LHB Mark Gerard
|
0-0: Called Strike 0-1: Ball 1-1: Swinging Strike 1-2: Ball 2-2: Hit by Pitch
|
|
Batting: RHB Vaughn Calloway
|
0-0: Ball 1-0: Foul Ball, location: 2F 1-1: Ball 2-1: Foul Ball, location: 2F 2-2: Strikes out swinging
|
| Top of the 4th over - 0 runs, 0 hits, 0 errors, 1 left on base; Sumter 0 - Greenville 6 |
| BOTTOM OF THE 4TH |
|
Greenville Spinners batting - Pitching for Sumter Gamecocks : RHP Todd Fischer
|
|
Batting: RHB Darrell Woodard
|
0-0: Ground out 6-3 (Groundball, 6, EV 97.5 MPH)
|
|
Batting: RHB Tony Russell
|
0-0: DOUBLE (Line Drive, 89D, EV 109.4 MPH)
|
|
Batting: RHB Richard Duran
|
0-0: Ball 1-0: Called Strike 1-1: Foul Ball, location: 2F 1-2: Ground out 5-3 (Groundball, 56, EV 91.3 MPH)
|
|
Batting: RHB Ronald Carapezzi
|
0-0: Foul Ball, location: 2F 0-1: Ball 1-1: Ball 2-1: Ball 3-1: Foul Ball, location: 2F 3-2: Base on Balls
|
|
Batting: LHB William Hance
|
0-0: Foul Ball, location: 2F 0-1: Swinging Strike 0-2: Ball 1-2: Ball 2-2: Ball 3-2: Base on Balls Tony Russell to third Ronald Carapezzi to second
|
|
Batting: RHB Glenn Robertson
|
0-0: Ball 1-0: Foul Ball, location: 2F 1-1: Called Strike 1-2: Ball 2-2: SINGLE (Groundball, 6D, EV 93.8 MPH) Tony Russell scores Ronald Carapezzi to third William Hance to second Runner from 3rd tries for Home, SAFE, throw by LF to home William Hance to third Glenn Robertson to second
|
|
Batting: LHB John Edmonds
|
0-0: Ground out 4-3 (Groundball, 34, EV 101.3 MPH)
|
| Bottom of the 4th over - 2 runs, 2 hits, 0 errors, 2 left on base; Sumter 0 - Greenville 8 |
| TOP OF THE 5TH |
|
Sumter Gamecocks batting - Pitching for Greenville Spinners : RHP Tony Pedroza
|
|
Batting: RHB Jerry Hidalgo
|
0-0: Ball 1-0: Fly out, F3 (Popup, 3F, EV 70.0 MPH)
|
|
Batting: LHB Rick Siriano
|
0-0: Called Strike 0-1: Foul Ball, location: 2F 0-2: Foul Ball, location: 2F 0-2: Foul Ball, location: 2F 0-2: Strikes out swinging
|
|
Batting: RHB Juan Hernandez
|
0-0: Ball 1-0: Foul Ball, location: 2F 1-1: Ball 2-1: Ball 3-1: Base on Balls
|
|
Batting: SHB John Cangelosi
|
0-0: Ball 1-0: Ball 2-0: Foul Ball, location: 2F 2-1: Ground out 6-3 (Groundball, 4MS, EV 86.9 MPH)
|
| Top of the 5th over - 0 runs, 0 hits, 0 errors, 1 left on base; Sumter 0 - Greenville 8 |
| BOTTOM OF THE 5TH |
|
Greenville Spinners batting - Pitching for Sumter Gamecocks : RHP Todd Fischer
|
|
Batting: RHB Michael McEvilly
|
0-0: Called Strike 0-1: Ball 1-1: Ball 2-1: Ball 3-1: Base on Balls
|
|
Batting: RHB Luis Salazar
|
0-0: Fielders Choice at 2nd, 1-4 (Groundball, 15S, EV 60.0 MPH)
|
|
Batting: RHB Darrell Woodard
|
0-0: Foul Ball, location: 2F 0-1: Ball 1-1: Swinging Strike 1-2: Foul Ball, location: 2F 1-2: Ball 2-2: Ball 3-2: DOUBLE (Groundball, 3L, EV 103.8 MPH) Luis Salazar to third Luis Salazar scores
|
|
Pitching: RHP Dave Wareham
|
|
|
Batting: RHB Tony Russell
|
0-0: Called Strike 0-1: Ball 1-1: Ball 2-1: Swinging Strike 2-2: Ball 3-2: Base on Balls
|
|
Batting: RHB Richard Duran
|
0-0: Ball 1-0: DOUBLE (Flyball, 8RXD, EV 98.8 MPH) Darrell Woodard scores Tony Russell to third
|
|
Batting: RHB Ronald Carapezzi
|
0-0: Ball 1-0: Ball 2-0: Swinging Strike 2-1: Ball 3-1: Called Strike 3-2: Fly out, F7 (Line Drive, 7, EV 94.4 MPH)
|
|
Batting: LHB William Hance
|
0-0: Foul Ball, location: 2F 0-1: Called Strike 0-2: Ball 1-2: Foul Ball, location: 2F 1-2: Ground out 3-1 (Groundball, 34, EV 96.9 MPH)
|
| Bottom of the 5th over - 2 runs, 2 hits, 0 errors, 2 left on base; Sumter 0 - Greenville 10 |
| TOP OF THE 6TH |
|
Sumter Gamecocks batting - Pitching for Greenville Spinners : RHP Tony Pedroza
|
|
Batting: LHB Antonio Tapia
|
0-0: Called Strike 0-1: Ball 1-1: Foul Ball, location: 2F 1-2: Ball 2-2: Foul Ball, location: 2F 2-2: Ball 3-2: Foul Ball, location: 2F 3-2: DOUBLE (Line Drive, 7LM, EV 105.0 MPH)
|
|
Batting: RHB Randy Washington
|
0-0: Swinging Strike 0-1: Ball 1-1: Foul Ball, location: 2F 1-2: DOUBLE (Groundball, 5L, EV 103.1 MPH) Antonio Tapia scores
|
|
Batting: RHB Kelly Gruber
|
0-0: Ball 1-0: Called Strike 1-1: Foul Ball, location: 2F 1-2: Strikes out swinging
|
|
Batting: LHB Mark Gerard
|
0-0: Called Strike 0-1: Foul Ball, location: 2F 0-2: Foul Ball, location: 2F 0-2: Foul Ball, location: 2F 0-2: DOUBLE (Flyball, 78XD, EV 118.1 MPH) Randy Washington scores
|
|
Batting: RHB Vaughn Calloway
|
0-0: Called Strike 0-1: Ground out 6-3 (Groundball, 56, EV 98.1 MPH)
|
|
Batting: RHB Jerry Hidalgo
|
0-0: SINGLE (Groundball, 6D, EV 103.1 MPH) Mark Gerard to third Runner from 3rd tries for Home, SAFE, throw by CF to home
|
|
Batting: LHB Rick Siriano
|
0-0: Ball 1-0: Called Strike 1-1: Ball 2-1: Ground out 4-3 (Groundball, 4S, EV 90.0 MPH)
|
| Top of the 6th over - 3 runs, 4 hits, 0 errors, 1 left on base; Sumter 3 - Greenville 10 |
| BOTTOM OF THE 6TH |
|
Greenville Spinners batting - Pitching for Sumter Gamecocks : RHP Dave Wareham
|
|
Batting: RHB Glenn Robertson
|
0-0: Foul Ball, location: 2F 0-1: Ball 1-1: Foul Ball, location: 2F 1-2: SINGLE (Line Drive, 34D, EV 109.4 MPH)
|
|
Batting: LHB John Edmonds
|
0-0: Fly out, F7 (Flyball, 7, EV 89.4 MPH)
|
|
Batting: RHB Michael McEvilly
|
0-0: Called Strike 0-1: Grounds into double play, 6-4-3 (Groundball, 6D, EV 102.5 MPH)
|
| Bottom of the 6th over - 0 runs, 1 hit, 0 errors, 0 left on base; Sumter 3 - Greenville 10 |
| TOP OF THE 7TH |
|
Sumter Gamecocks batting - Pitching for Greenville Spinners : RHP Tony Pedroza
|
|
Batting: RHB Juan Hernandez
|
0-0: Called Strike 0-1: Ball 1-1: Foul Ball, location: 2F 1-2: Ground out 6-3 (Groundball, 6, EV 84.4 MPH)
|
|
Batting: SHB John Cangelosi
|
0-0: Ground out 4-3 (Groundball, 4MD, EV 85.6 MPH)
|
|
Batting: LHB Antonio Tapia
|
0-0: Ground out 5-3 (Groundball, 56S, EV 82.5 MPH)
|
| Top of the 7th over - 0 runs, 0 hits, 0 errors, 0 left on base; Sumter 3 - Greenville 10 |
| BOTTOM OF THE 7TH |
|
Greenville Spinners batting - Pitching for Sumter Gamecocks : RHP Dave Wareham
|
|
Batting: RHB Luis Salazar
|
0-0: Ball 1-0: Ground out 4-3 (Groundball, 4, EV 78.8 MPH)
|
|
Batting: RHB Darrell Woodard
|
0-0: Ball 1-0: Called Strike 1-1: Called Strike 1-2: Ball 2-2: Strikes out swinging
|
|
Batting: RHB Tony Russell
|
0-0: Ball 1-0: Called Strike 1-1: Foul Ball, location: 2F 1-2: Ball 2-2: Fly out, F8 (Flyball, 8LD, EV 96.3 MPH)
|
| Bottom of the 7th over - 0 runs, 0 hits, 0 errors, 0 left on base; Sumter 3 - Greenville 10 |
| TOP OF THE 8TH |
|
Sumter Gamecocks batting - Pitching for Greenville Spinners : RHP Tony Pedroza
|
|
Batting: RHB Randy Washington
|
0-0: Ball 1-0: Ball 2-0: Ground out 2-3 (Groundball, 15S, EV 61.9 MPH)
|
|
Batting: RHB Kelly Gruber
|
0-0: Foul Ball, location: 2F 0-1: Ball 1-1: Called Strike 1-2: Ball 2-2: Fly out, F3 (Popup, 3SF, EV 78.1 MPH)
|
|
Batting: LHB Mark Gerard
|
0-0: Ball 1-0: Foul Ball, location: 2F 1-1: Called Strike 1-2: Strikes out swinging
|
| Top of the 8th over - 0 runs, 0 hits, 0 errors, 0 left on base; Sumter 3 - Greenville 10 |
| BOTTOM OF THE 8TH |
|
Greenville Spinners batting - Pitching for Sumter Gamecocks : RHP Dave Wareham
|
|
Batting: RHB Richard Duran
|
0-0: Called Strike 0-1: Ball 1-1: Ball 2-1: Ball 3-1: Base on Balls
|
|
Batting: RHB Ronald Carapezzi
|
0-0: Swinging Strike 0-1: Ball 1-1: Foul Ball, location: 2F 1-2: Ball 2-2: Strikes out swinging
|
|
Batting: LHB William Hance
|
0-0: Called Strike 0-1: Ball 1-1: Ball 2-1: Fly out, F8 (Line Drive, 8RM, EV 94.4 MPH)
|
|
Batting: RHB Glenn Robertson
|
0-0: Ball 1-0: Called Strike 1-1: Swinging Strike 1-2: Ground out 6-3 (Groundball, 6S, EV 65.6 MPH)
|
| Bottom of the 8th over - 0 runs, 0 hits, 0 errors, 1 left on base; Sumter 3 - Greenville 10 |
| TOP OF THE 9TH |
|
Sumter Gamecocks batting - Pitching for Greenville Spinners : RHP Tony Pedroza
|
|
Batting: RHB Vaughn Calloway
|
0-0: Ball 1-0: Fly out, F9 (Flyball, 9D, EV 76.9 MPH)
|
|
Batting: RHB Jerry Hidalgo
|
0-0: Fly out, F7 (Flyball, 7D, EV 108.8 MPH)
|
|
Batting: LHB Rick Siriano
|
0-0: Ball 1-0: Swinging Strike 1-1: Ball 2-1: Foul Ball, location: 2F 2-2: Ball 3-2: Foul Ball, location: 2F 3-2: Base on Balls
|
|
Batting: RHB Juan Hernandez
|
0-0: Called Strike 0-1: Ball 1-1: Swinging Strike 1-2: Strikes out looking
|
| Top of the 9th over - 0 runs, 0 hits, 0 errors, 1 left on base; Sumter 3 - Greenville 10 |
|